 Dungeon Crawl Stone Soup version 0.31-a0-204-g7da18cac08 (webtiles) character file.

Game seed: 10574593922907059490

45 qw the Shooter (level 3, 0/20 HPs)
             Began as a Deep Elf Hunter on June 27, 2023.
             Succumbed to their own poison gas
             ... on level 2 of the Dungeon.
             The game lasted 00:00:30 (1254 turns).

qw the Shooter (Deep Elf Hunter)                    Turns: 1254, Time: 00:00:31

Health: 0/20       AC:  6    Str: 10    XL:     3   Next: 42%
Magic:  5/5        EV:  9    Int: 13    God:
Gold:   62         SH:  0    Dex: 18    Spells: 2/2 levels left

rFire   . . .        Y - +2 shortbow
rCold   . . .        (shield currently unavailable)
rNeg    . . .        g - +0 scale mail
rPois   .            (no helmet)
rElec   .            (no cloak)
rCorr   .            (no gloves)
SInv    .            (no boots)
Will    .....        (no amulet)
Stlth   +            (no ring)
HPRegen 0.23/turn    (no ring)
MPRegen 0.09/turn

%: no passive effects
@: lethally poisoned (0 -> -10)
A: no striking features
a: no special abilities


You were on level 2 of the Dungeon.
You visited 1 branch of the dungeon, and saw 2 of its levels.

You collected 62 gold pieces.


   Skills:
 - Level 1.5 Fighting
 + Level 7.0 Ranged Weapons
 - Level 2.4 Dodging
 - Level 1.2 Stealth


You had 2 spell levels left.
You didn't know any spells.
Your spell library was empty.

Inventory:

Hand Weapons
 Y - a +2 shortbow (weapon)
Armour
 g - a +0 scale mail (worn)
Potions
 c - a potion of berserk rage {unknown}
 d - a potion of heal wounds

Dungeon Overview and Level Annotations

Branches:
Dungeon (2/15)

Altars:


Message History

Enter note:
Enter note:
Enter note:
Enter note:
Enter note:
Enter note: Done exploring.
1248 ||| READING scroll labelled TUSAGI CUILYSIF.
The air fills with toxic fumes!
As you read the scroll labelled TUSAGI CUILYSIF, it crumbles to dust.
It was a scroll of poison.
Done exploring.
1249 ||| DRINKING 2 fuming white potions.
It was a potion of heal wounds.
You feel much better.
Done exploring.
(D) Dungeon
Where to? (* - list waypoints, Enter - D:2, ? - help)
What level of the Dungeon? (default 1, ? - help) Sorry, I don't know how to get there.
Enter note:
Enter note:
Enter note:
Enter note:
Enter note:
Enter note:
Enter note:
Enter note:
Enter note: Really walk into that cloud of poison gas?
You are engulfed in poison gas.
You are lethally poisoned!
You feel very sick.
1251 ||| Stepping ~*~*~tactically~*~*~ (cloud).
You feel very sick.
There is a lethal amount of poison in your body!
You feel very sick.
There is a lethal amount of poison in your body!
You feel very sick.
There is a lethal amount of poison in your body!
You die...

.# ###..........)##
.####...##........######
...........################
..#....<.############¤¤...#
.........#########..¤¤#...#
.........########..¤0¤¤...#
.........¤####....¤¤¤00...#
..######.00¤¤¤¤##¤¤0¤¤¤...#
#..## #.##¤¤¤¤¤@0¤¤¤¤0...#
....####.¤00#####¤¤¤00¤...#
...........######.¤¤¤¤¤...#
......####.).####..¤0¤¤...#
.....%.# ###..###...¤¤¤...#
.....#.# ###.##......¤¤...#
.....#.# ###.##.###########
.....#.#####....########
.....#...........#


There were no monsters in sight!

Vanquished Creatures
  A worm (D:2)
  A dart slug (D:1)
  2 bats (D:1)
  An endoplasm (D:1)
  A giant cockroach (D:2)
  4 goblins
  8 hobgoblins
  3 quokkas (D:1)
  5 ball pythons
  3 frilled lizards
  3 kobolds
  5 rats
37 creatures vanquished.

Notes
Turn   | Place    | Note
-------+----------+-------------------------------------------
     0 | D:1      | qw the Deep Elf Hunter began the quest for the Orb.
     0 | D:1      | Reached XP level 1. HP: 12/12 MP: 3/3
     0 | D:1      | 0 ||| qw: Version: 0.3-a-22-g0ed2b0b
     0 | D:1      | 0 ||| qw: Game counter: 6641
     0 | D:1      | 0 ||| qw: Melee chars always use a shield: true
     0 | D:1      | 0 ||| qw: God list: Okawaru
     0 | D:1      | 0 ||| qw: Allow faded altars: false
     0 | D:1      | 0 ||| qw: Do Orc after clearing Dungeon:15 true
     0 | D:1      | 0 ||| qw: Do second Lair branch before Depths: true
     0 | D:1      | 0 ||| qw: Lair rune preference: random
     0 | D:1      | 0 ||| qw: Goals: Normal
     0 | D:1      | 0 ||| PLANNING D:1-11
   105 | D:1      | Reached XP level 2. HP: 16/16 MP: 4/4
   114 | D:1      | Reached skill level 6 in Ranged Weapons
   475 | D:1      | Found a faded altar of an unknown god.
   478 | D:1      | 478 ||| UPGRADING to +0 scale mail.
   490 | D:1      | 490 ||| DROPPING +0 leather armour.
   690 | D:1      | Reached XP level 3. HP: 20/20 MP: 5/5
   783 | D:1      | 783 ||| READING 2 scrolls labelled AMONAE MABODIOSMIBB.
   784 | D:1      | 784 ||| READING scroll of enchant weapon.
   784 | D:1      | 784 ||| ENCHANTING +1 shortbow.
   785 | D:1      | 785 ||| READING scroll labelled VULUMP KEOLLAPT.
   786 | D:1      | 786 ||| READING scroll labelled UPRUMM LAZU.
   787 | D:1      | 787 ||| DROPPING scroll of butterflies.
  1002 | D:2      | Reached skill level 7 in Ranged Weapons
  1243 | D:2      | 1243 ||| READING scroll labelled IKHOKA ZAES.
  1246 | D:2      | 1246 ||| READING scroll labelled NEIFEG VODASK.
  1247 | D:2      | 1247 ||| READING scroll labelled XOMAHU NAISADA.
  1248 | D:2      | 1248 ||| READING scroll labelled TUSAGI CUILYSIF.
  1249 | D:2      | 1249 ||| DRINKING 2 fuming white potions.
  1251 | D:2      | 1251 ||| Stepping ~*~*~tactically~*~*~ (cloud).
  1252 | D:2      | HP: 4/20 [poisoned by you (poison gas)]
  1253 | D:2      | HP: 1/20 [poisoned by you (poison gas)]
  1254 | D:2      | Succumbed to their own poison gas

Levels and vault maps discovered:
D:1:      ebering_hopf_link, layout_basic, shapermc_ecumenical_altar_notcrosses
D:2:      layout_rooms, hangedman_abyss_or_decor_stabs

Skill      XL: |  1  2  3 |
---------------+----------+-----
Ranged Weapons | 6 7 |  7.0
Fighting       | |  1.5
Dodging        | |  2.4
Stealth        | |  1.2

Action                     || total
---------------------------++-------
   Fire: Shortbow          ||   115
    Use: Scroll            ||     8
         Potion            ||     1
 Armour: Leather armour    ||     2
         Scale mail        ||    13
  Dodge: Dodged            ||    23

Table legend:
 A = Non-vault XP
 B = Vault XP
 C = Vault XP percentage of total XP
 D = Non-vault monster count
 E = Vault monster count
 F = Vault count percentage of total count
                 A         B        C        D         E       F
            +---------+---------+-------+---------+---------+-------
      Total |      65 |       0 |   0.0 |      37 |       0 |   0.0
            +---------+---------+-------+---------+---------+-------
        D:1 |      41 |       0 |   0.0 |      23 |       0 |   0.0
        D:2 |      24 |       0 |   0.0 |      14 |       0 |   0.0
            +---------+---------+-------+---------+---------+-------
